 Dungeon Crawl Stone Soup version 0.27.1-34-g3ba077fa99 (webtiles) character file.

Game seed: 17853377500605584163

122 iwittbrodt the Magician (level 5, 0/37 HPs)
             Began as a Gnoll Hedge Wizard on Jan 14, 2022.
             Succumbed to a scorpion's poison
             ... on level 3 of the Dungeon.
             The game lasted 00:24:49 (3936 turns).

iwittbrodt the Magician (Gnoll Hedge Wizard)        Turns: 3936, Time: 00:24:50

Health: 0/37       AC:  6    Str:  9    XL:     5   Next: 6%
Magic:  1/14       EV: 13    Int: 15    God:
Gold:   54         SH:  0    Dex: 11    Spells: 6/18 levels left

rFire    . . .     SeeInvis .   k - +0 spear
rCold    . . .     Faith    .   (no shield)
rNeg     . . .     Spirit   .   b - +0 robe
rPois    .         Reflect  .   n - +2 helmet
rElec    .         Harm     .   (no cloak)
rCorr    .         Rampage  .   i - +0 pair of gloves
Will     .....                  (no boots)
Stlth    ++........             (no amulet)
HPRegen  0.12/turn              (no ring)
MPRegen  0.14/turn              (no ring)

@: lethally poisoned (0 -> -3)
A: fangs 1, strong nose, distributed training
a: no special abilities


You were on level 3 of the Dungeon.
You visited 1 branch of the dungeon, and saw 3 of its levels.

You collected 54 gold pieces.

Inventory:

Hand Weapons
 a - a +0 dagger
 k - a +0 spear (weapon)
Missiles
 e - 30 sling bullets
Armour
 b - a +0 robe (worn)
 i - a +0 pair of gloves (worn)
 n - a +2 helmet (worn)
Scrolls
 c - a scroll of enchant armour {unknown}
 d - 2 scrolls of identify {unknown}
 f - a scroll of fog {unknown}
 g - a scroll of summoning {unknown}
 o - a scroll of magic mapping {unknown}
Potions
 h - 2 potions of curing
 j - a potion of attraction {unknown}
 l - a potion of mutation {unknown}
 m - a potion of lignification {unknown}


   Skills:
 + Level 1.3 Fighting
 + Level 1.3 Short Blades
 + Level 1.3 Long Blades
 + Level 1.3 Axes
 + Level 1.3 Maces & Flails
 + Level 1.3 Polearms
 + Level 1.3 Staves
 + Level 1.3 Slings
 + Level 1.3 Bows
 + Level 1.3 Crossbows
 + Level 1.3 Throwing
 + Level 1.3 Armour
 + Level 4.7 Dodging
 + Level 4.3 Stealth
 + Level 1.3 Shields
 + Level 1.3 Unarmed Combat
 + Level 7.2 Spellcasting
 + Level 2.3 Conjurations
 + Level 1.1 Hexes
 + Level 2.3 Summonings
 + Level 1.1 Necromancy
 + Level 2.3 Translocations
 + Level 1.1 Transmutations
 + Level 1.1 Fire Magic
 + Level 1.1 Ice Magic
 + Level 1.1 Air Magic
 + Level 1.1 Earth Magic
 + Level 1.1 Poison Magic
 + Level 1.5 Invocations
 + Level 1.3 Evocations


You had 6 spell levels left.
You knew the following spells:

 Your Spells              Type           Power      Damage    Failure   Level
a - Magic Dart            Conj           48%        1d5       4%          1
b - Animate Skeleton      Necr           16%        N/A       9%          1
c - Call Imp              Summ           12%        N/A       8%          2
d - Blink                 Tloc           N/A        N/A       8%          2
e - Conjure Flame         Conj/Fire      10%        6-21      19%         3
f - Mephitic Cloud        Conj/Pois/Air  10%        N/A       21%         3

Your spell library contained the following spells:

 Spells                   Type           Power      Damage    Failure   Level
 Pain                     Necr           32%        1d5       9%          1
 Slow                     Hex            8%         N/A       12%         2
 Vampiric Draining        Necr           4%         2d6       24%         3


Dungeon Overview and Level Annotations

Branches:
Dungeon (3/15)

Altars:

Shops:
D:2 =


Innate Abilities, Weirdness & Mutations

You have very sharp teeth.
Your uncanny sense of smell can sniff out nearby items.
Your experience applies equally to all skills.


Message History

The scorpion stings you but does no damage.
Casting: Blink (safe; 8% risk of failure)
Confirm with . or Enter, or press ? or * to list all spells.
You blink.
Your magical contamination has completely faded away.
It was a potion of curing.
You feel better. The scorpion misses you. The scorpion stings you.
* * * LOW HITPOINT WARNING * * *
Casting: Blink (safe; 8% risk of failure)
Confirm with . or Enter, or press ? or * to list all spells.
A beastly little devil appears in a puff of frigid air.
The scorpion stings you.
* * * LOW HITPOINT WARNING * * *
You are lethally poisoned!
The scorpion poisons you!
The frilled lizard bites your white imp but does no damage.
Casting: Call Imp (safe; 8% risk of failure)
Confirm with . or Enter, or press ? or * to list all spells.
You don't have enough magic to cast this spell.
* * * LOW HITPOINT WARNING * * *
You feel very sick.
The frilled lizard bites your white imp.
Your white imp barely misses the frilled lizard.
* * * LOW HITPOINT WARNING * * *
You feel sick.
The frilled lizard closely misses your white imp.
The scorpion completely misses you.
Your white imp barely misses the frilled lizard.
* * * LOW HITPOINT WARNING * * *
You feel sick.
The frilled lizard bites your white imp but does no damage.
Your white imp barely misses the frilled lizard.
* * * LOW HITPOINT WARNING * * *
You feel sick.
The frilled lizard bites your white imp.
Your white imp hits the frilled lizard.
The frilled lizard dies!
* * * LOW HITPOINT WARNING * * *
You feel sick.
You die...

###.# ##...##
#...# ##'## #.###
#.# #.# #l# #.#
##.## #.# ##s..##
#.# #####.....#
#.# #...##...##
#@######.#5.......
#.s....5...#######
############


You could see a scorpion (ally target) and a friendly white imp (summoned).

Vanquished Creatures
  4 dart slugs
  4 ball pythons
  4 endoplasms
  2 giant cockroaches (D:1)
  7 goblins
  A jackal (D:1)
  7 bats
  2 frilled lizards (D:1)
  4 kobolds
  4 rats
39 creatures vanquished.

Vanquished Creatures (collateral kills)
  An ice beast (D:3)
  A gnoll (D:1)
  2 worms
  2 dart slugs (D:1)
  An orc (D:3)
  2 ball pythons
  5 hobgoblins
  3 jackals (D:1)
  2 quokkas
  3 frilled lizards
22 creatures vanquished.

Grand Total: 61 creatures vanquished

Notes
Turn   | Place    | Note
-------+----------+-------------------------------------------
     0 | D:1      | iwittbrodt the Gnoll Hedge Wizard began the quest for the
                  | Orb.
     0 | D:1      | Reached XP level 1. HP: 13/13 MP: 8/8
    55 | D:1      | Learned a level 1 spell: Animate Skeleton
   242 | D:1      | Reached XP level 2. HP: 19/19 MP: 1/10
   247 | D:1      | Learned a level 2 spell: Call Imp
   250 | D:1      | Learned a level 2 spell: Blink
   374 | D:1      | Found a faded altar of an unknown god.
   619 | D:1      | Reached XP level 3. HP: 24/25 MP: 6/11
  1080 | D:1      | Reached skill level 1 in Invocations
  1769 | D:2      | Found Vos Upit's Jewellery Emporium.
  1814 | D:2      | Learned a level 3 spell: Conjure Flame
  1818 | D:2      | Learned a level 3 spell: Mephitic Cloud
  1933 | D:2      | Reached skill level 1 in Fighting
  1933 | D:2      | Reached skill level 1 in Short Blades
  1933 | D:2      | Reached skill level 1 in Long Blades
  1933 | D:2      | Reached skill level 1 in Axes
  1933 | D:2      | Reached skill level 1 in Maces & Flails
  1933 | D:2      | Reached skill level 1 in Polearms
  1933 | D:2      | Reached skill level 1 in Staves
  1933 | D:2      | Reached skill level 1 in Slings
  1933 | D:2      | Reached skill level 1 in Bows
  1933 | D:2      | Reached skill level 1 in Crossbows
  1933 | D:2      | Reached skill level 1 in Throwing
  1933 | D:2      | Reached skill level 1 in Armour
  1933 | D:2      | Reached skill level 1 in Shields
  1933 | D:2      | Reached skill level 1 in Unarmed Combat
  1933 | D:2      | Reached skill level 1 in Evocations
  2186 | D:2      | Reached XP level 4. HP: 32/32 MP: 7/13
  3086 | D:3      | Noticed an ice beast
  3111 | D:3      | Killed an ice beast
  3112 | D:3      | Reached skill level 1 in Hexes
  3112 | D:3      | Reached skill level 1 in Necromancy
  3112 | D:3      | Reached skill level 1 in Transmutations
  3112 | D:3      | Reached skill level 1 in Fire Magic
  3112 | D:3      | Reached skill level 1 in Ice Magic
  3112 | D:3      | Reached skill level 1 in Air Magic
  3112 | D:3      | Reached skill level 1 in Earth Magic
  3112 | D:3      | Reached skill level 1 in Poison Magic
  3243 | D:3      | Reached XP level 5. HP: 37/37 MP: 9/14
  3881 | D:3      | HP: 1/37 [frilled lizard (2)]
  3935 | D:3      | HP: 1/37 [poisoned by a scorpion]
  3936 | D:3      | Succumbed to a scorpion's poison

Illustrated notes

Levels and vault maps discovered:
D:1:      wheals_arrival_shading, layout_basic,
          hellmonk_ecumenical_altar_pennies_from_heaven, serial_forest,
          infiniplex_forest_lined_room_2, infiniplex_forest_lined_ring,
          infiniplex_forest_end_1, infiniplex_forest_lined_2,
          infiniplex_forest_clump_medium, infiniplex_forest_lined_4_way,
          minmay_pentomino_q4
D:2:      layout_basic, serial_shops, shop
D:3:      layout_loops_corners, cheibriados_altar_1, minmay_ruptured

Skill      XL: |  1  2  3  4 |
---------------+-------------+-----
Conjurations   | 2 |  2.3
Summonings     | 2 |  2.3
Translocations | 2 |  2.3
Invocations    | 1 |  1.5
Fighting       | 1 |  1.3
Short Blades   | 1 |  1.3
Long Blades    | 1 |  1.3
Axes           | 1 |  1.3
Maces & Flails | 1 |  1.3
Polearms       | 1 |  1.3
Staves         | 1 |  1.3
Slings         | 1 |  1.3
Bows           | 1 |  1.3
Crossbows      | 1 |  1.3
Throwing       | 1 |  1.3
Armour         | 1 |  1.3
Shields        | 1 |  1.3
Unarmed Combat | 1 |  1.3
Evocations     | 1 |  1.3
Hexes          | 1 |  1.1
Necromancy     | 1 |  1.1
Transmutations | 1 |  1.1
Fire Magic     | 1 |  1.1
Ice Magic      | 1 |  1.1
Air Magic      | 1 |  1.1
Earth Magic    | 1 |  1.1
Poison Magic   | 1 |  1.1
Dodging        | |  4.7
Stealth        | |  4.3
Spellcasting   | |  7.2

Action                   |  1- 3 |  4- 6 || total
-------------------------+-------+-------++-------
Melee: Dagger            |    20 |       ||    20
       Bite              |     1 |     2 ||     3
       Spear             |       |    20 ||    20
 Cast: Magic Dart        |    89 |    32 ||   121
       Animate Skeleton  |    11 |     5 ||    16
       Call Imp          |    16 |    17 ||    33
       Blink             |     2 |     8 ||    10
       Conjure Flame     |       |     4 ||     4
  Use: Potion            |       |     1 ||     1
 Stab: Sleeping          |       |     1 ||     1
Armor: Robe              |     6 |    11 ||    17
Dodge: Dodged            |    33 |    19 ||    52
